 Dungeon Crawl Stone Soup version 0.21.1-1-g345015fe64 (webtiles) character file.

32287 Lavandula the Severer (level 13, 0/103 HPs)
             Began as a Centaur Berserker on June 3, 2018.
             Was a High Priest of Trog.
             Killed from afar by a rime drake (21 damage)
             ... with a flash freeze
             ... on level 6 of the Lair of Beasts.
             The game lasted 00:49:35 (6293 turns).

Lavandula the Severer (Centaur Berserker)           Turns: 6293, Time: 00:49:35

Health: 0/103      AC: 28    Str: 26    XL:     13   Next: 30%
Magic:  4/4        EV:  6    Int:  7    God:    Trog [*****.]
Gold:   475        SH:  0    Dex:  8    Spells: 12/12 levels left

rFire    . . .     SeeInvis .   S - +2 battleaxe (antimagic)
rCold    + . .     Gourm    .   (shield currently unavailable)
rNeg     . . .     Faith    +   b - +9 plate armour of the Beggar {rPois rC+ Int+3 Slay+3}
rPois    +         Spirit   .   a - +2 hat
rElec    .         Reflect  .   t - +2 cloak {+Inv}
rCorr    .         Harm     .   g - +1 pair of gloves
MR       ++...                  (no barding)
Stlth    ..........             o - amulet of faith
HPRegen  1.27/turn              T - ring of loudness (curse)
MPRegen  0.09/turn              (no ring)

@: berserk cooldown, regenerating, slowed
A: large, hooves 3, deformed body, dopey 1, speed 2, robust 1, tough skin 3
a: Berserk, Trog's Hand, Brothers in Arms, Burn Spellbooks, Renounce Religion,
Evoke Invisibility


You were on level 6 of the Lair of Beasts.
You worshipped Trog.
Trog was extremely pleased with you.
You were near starving.

You visited 3 branches of the dungeon, and saw 19 of its levels.
You also visited: Bailey and Volcano.

You collected 1360 gold pieces.
You spent 885 gold pieces at shops.

Inventory:

Hand Weapons
 i - a +0 spear of venom
 m - a +3 war axe
 E - a +1 hand axe of flaming
 H - the +10 longbow of Circularity {velocity, Int+2 SInv}
   (Trog gifted it to you on level 9 of the Dungeon)

   Any arrow fired from it inflicts extra damage.
   It affects your intelligence (+2).
   It lets you see invisible.
 L - a +0 battleaxe
 S - a +2 antimagic battleaxe (weapon)
Missiles
 f - 12 curare-tipped needles
 w - 3 steel tomahawks (quivered)
 G - 9 tomahawks
 I - 80 arrows
Armour
 a - a +2 hat (worn)
 b - the +9 plate armour of the Beggar (worn) {rPois rC+ Int+3 Slay+3}
   (You found it on level 4 of the Dungeon)

   It affects your intelligence (+3).
   It affects your accuracy and damage with ranged weapons and melee attacks
   (+3).
   It protects you from cold.
   It protects you from poison.
 d - the +1 leather armour of the Enchanted Forest {Dex+4 Slay+2}
   (You found it on level 4 of the Dungeon)

   It affects your dexterity (+4).
   It affects your accuracy and damage with ranged weapons and melee attacks
   (+2).
 g - a +1 pair of gloves (worn)
 n - +0 steam dragon scales
 q - a +0 troll leather armour
 t - a +2 cloak of invisibility (worn)
 M - a +2 robe of magic resistance
 U - a +2 leather armour of fire resistance
Jewellery
 o - an amulet of faith (around neck)
 T - a cursed ring of loudness (left hand)
Wands
 k - a wand of paralysis (17)
 y - a wand of polymorph (17)
 A - a wand of iceblast (10)
 C - a wand of acid (10)
 D - a wand of clouds (2)
Scrolls
 h - 5 scrolls of teleportation
 r - 2 scrolls of fog
 s - 2 scrolls of vulnerability
 x - 2 scrolls of immolation
 B - 2 scrolls of fear
 K - 6 scrolls of enchant weapon {???}
 N - a scroll of acquirement {unknown}
 O - a scroll of summoning {unknown}
 P - a scroll of brand weapon {unknown}
 R - a scroll of random uselessness {unknown}
 W - a scroll of magic mapping {unknown}
 X - a scroll of remove curse
Potions
 e - 3 potions of haste
 j - 2 potions of curing
 l - a potion of mutation
 p - 3 potions of heal wounds {unknown}
 u - 4 potions of might {unknown}
 z - a potion of lignification {unknown}
 F - a potion of brilliance
 J - 2 potions of invisibility
 Q - a potion of resistance {unknown}
 V - a potion of berserk rage {unknown}
Miscellaneous
 v - a lamp of fire
Comestibles
 c - 5 rations
 Y - 6 chunks of flesh


   Skills:
 - Level 3.0 Fighting
 + Level 16.1 Axes
 - Level 10.9 Bows
 - Level 8.7 Armour
 - Level 1.3 Dodging


You had 12 spell levels left.
You didn't know any spells.

Dungeon Overview and Level Annotations

Branches:
Dungeon (11/15)              Lair (6/6) D:11         Shoals (0/4) Lair:4
 Spider (0/4) Lair:4          Orc (2/2) D:9             Elf (0/3) Orc:2
 Temple: D:4-7        Slime: Lair:5-6

Altars:
Ashenzari
Hepliaklqana
Vehumet
Wu Jian
Zin
Beogh

Shops:
D:11 =   Orc:2 :*[(

Annotations:
Lair:4 exclusion: oklob plant


Innate Abilities, Weirdness & Mutations

You have hooves in place of feet.
Armour fits poorly on your strangely shaped body.
You cover ground very quickly.
You have extremely tough skin. (AC +3)
You are dopey. (Int -2)
You are robust. (+10% HP)


Message History

You feel yourself slow down.
Okay, then.
Okay, then.
Okay, then.
Your skin crawls.
You feel resistant to hostile enchantments.
You are near starving!
The ice encasing you melts away. The rime drake breathes ice at you.
The flash freeze hits you! You partially resist.
* * * LOW HITPOINT WARNING * * *
You are encased in ice.
You feel the effects of Trog's Hand fading.
The ice encasing you melts away.
You feel better.
You closely miss the rime drake. You hit the plant but do no damage.
You hit the bush but do no damage. The rime drake breathes ice at you.
The flash freeze hits you! You partially resist.
You die...

#P..## ## ....##
##.###..P## ##
##.#......P#### #######.#
#....#....##..###..P##.#.
#..........†........<...
###.....#.....P#...##.#
#...†######.###†###≈.
###.@P# ### #...≈≈P
##.kP## #≈##≈≈. ##...##
#≈# ≈# #....## #.≈ ≈≈
###.†.# .≈≈ ≈#
##.†.####### .≈#
##........#.###..#
#..........#....H
#P........†(.(....


You could see a rime drake.

Vanquished Creatures
  A hydra (Lair:6)
  2 two-headed ogres
  An orc high priest (Orc:2)
  A fire crab (Volcano)
  An unseen horror (D:11)
  A sea snake (Lair:6)
  A lindwurm (Volcano)
  Pikel (D:6)
  A harpy (Lair:6)
  2 ugly things (D:11)
  An orc sorcerer (Orc:2)
  A manticore (Lair:4)
  5 orc knights
  A cyclops (Orc:1)
  An elephant (Lair:6)
  A molten gargoyle (Volcano)
  A black mamba (Lair:6)
  Maurice (D:9)
  2 spiny frogs (Lair:6)
  A gargoyle (Volcano)
  5 komodo dragons
  3 rime drakes
  A troll (Orc:2)
  A hornet (Lair:6)
  9 blink frogs
  7 hippogriffs
  12 yaks
  A wyvern (D:11)
  A steam dragon (Volcano)
  4 fire bats (Volcano)
  2 hell hounds (Volcano)
  A warg (Orc:2)
  The ghost of shea9 the Shooter, an amateur KoAM (D:3)
  7 water moccasins
  4 porcupines
  A slave (D:6)
  24 orc warriors
  An ice beast (D:8)
  A sky beast (D:10)
  2 phantoms
  A necrophage (D:11)
  7 ogres
  2 centaurs
  10 crocodiles
  3 big kobolds
  10 bullfrogs
  A scorpion (D:7)
  8 killer bees
  A howler monkey (D:5)
  4 lava snakes (Volcano)
  6 crimson imps
  2 quasits
  A jelly (D:7)
  2 hounds (D:6)
  14 orc priests
  Crazy Yiuf (D:6)
  A bullfrog skeleton (D:5)
  3 centaur skeletons
  A gnoll shaman (D:9)
  14 orc wizards
  4 worker ants
  An iguana (D:10)
  A hound zombie (D:7)
  A hound skeleton (D:4)
  5 gnolls (D:9)
  7 adders
  2 adder skeletons
  A worm (D:5)
  A dart slug (D:2)
  2 leopard geckos
  110 orcs
  2 bats
  5 giant cockroaches
  11 goblins
  11 hobgoblins
  15 jackals
  12 kobolds
  A quokka (D:8)
  A ball python (D:3)
  3 frilled lizards
  A leopard gecko skeleton (D:6)
  5 rats
409 creatures vanquished.

Vanquished Creatures (collateral kills)
  Donald (Orc:2)
  An orc warlord (Orc:2)
  Erolcha (Orc:2)
  3 orc knights
  2 orc sorcerers
  A cyclops (Orc:2)
  A troll (Orc:2)
  10 orc warriors
  4 orc priests
  7 orc wizards
  7 orcs
38 creatures vanquished.

Vanquished Creatures (others)
  8 fungi
  8 plants
16 creatures vanquished.

Grand Total: 463 creatures vanquished

Notes
Turn   | Place    | Note
-------+----------+-------------------------------------------
     0 | D:1      | Lavandula the Centaur Berserker began the quest for the Orb.
     0 | D:1      | Reached XP level 1. HP: 19/19 MP: 1/1
    33 | D:2      | Reached skill level 3 in Axes
   121 | D:2      | Found a faded altar of an unknown god.
   130 | D:1      | Reached XP level 2. HP: 19/26 MP: 2/2
   244 | D:2      | Reached XP level 3. HP: 19/31 MP: 3/3
   266 | D:2      | Reached skill level 4 in Axes
   330 | D:2      | Reached ** piety under Trog
   362 | D:3      | Noticed shea9's ghost (amateur KoAM)
   368 | D:3      | Killed shea9's ghost
   368 | D:3      | Reached skill level 5 in Axes
   368 | D:3      | Reached XP level 4. HP: 32/38 MP: 4/4
   368 | D:3      | Reached XP level 5. HP: 38/45 MP: 5/5
   394 | D:3      | Found an ornate altar of the Wu Jian Council.
   596 | D:3      | Reached skill level 6 in Axes
   835 | D:3      | Reached *** piety under Trog
   869 | D:4      | Reached XP level 6. HP: 50/51 MP: 6/6
   920 | D:4      | Got a fine leather armour
   931 | D:4      | Identified the +1 leather armour of the Enchanted Forest {Dex+4 Slay+2} (You found it on level 4 of the Dungeon)
   934 | D:5      | Entered Level 5 of the Dungeon
   959 | D:4      | Got a bloodstained plate armour
   983 | D:5      | Identified the +9 plate armour of the Beggar {rPois rC+ Int+3 Slay+3} (You found it on level 4 of the Dungeon)
  1094 | D:5      | Found a glowing silver altar of Zin.
  1226 | D:6      | Found a runed door.
  1231 | D:6      | Noticed Crazy Yiuf
  1242 | D:6      | Killed Crazy Yiuf
  1242 | D:6      | Reached XP level 7. HP: 27/57 MP: 7/7
  1283 | D:6      | Noticed Pikel
  1318 | D:6      | Killed Pikel
  1318 | D:6      | Reached skill level 5 in Armour
  1318 | D:6      | Reached XP level 8. HP: 23/63 MP: 5/8
  1381 | D:6      | Reached **** piety under Trog
  1388 | D:6      | Found a radiant altar of Vehumet.
  1492 | D:7      | Reached skill level 7 in Axes
  1621 | D:7      | Reached skill level 8 in Axes
  1940 | D:8      | Found a hazy altar of Hepliaklqana.
  2057 | D:8      | Noticed a hippogriff
  2059 | D:8      | Noticed a two-headed ogre
  2064 | D:8      | Killed a two-headed ogre
  2064 | D:8      | Reached skill level 9 in Axes
  2064 | D:8      | Reached XP level 9. HP: 69/69 MP: 9/9
  2068 | D:8      | Reached skill level 10 in Axes
  2137 | D:9      | Noticed Maurice
  2143 | D:9      | Paralysed by Maurice for 6 turns
  2153 | D:9      | Paralysed by something for 6 turns
  2172 | D:9      | Killed Maurice
  2186 | D:9      | Reached skill level 11 in Axes
  2189 | D:9      | Reached ***** piety under Trog
  2192 | D:9      | Found a staircase to the Orcish Mines.
  2426 | D:10     | Entered Level 10 of the Dungeon
  2436 | D:10     | Gained mutation: You are dopey. (Int -2) [potion of mutation]
  2436 | D:10     | Gained mutation: You are robust. (+10% HP) [potion of mutation]
  2493 | D:9      | Reached XP level 10. HP: 84/84 MP: 10/10
  2592 | D:9      | Received a gift from Trog
  2609 | D:9      | Got an iridescent longbow {god gift}
  2610 | D:9      | Identified the +10 longbow of Circularity {velocity, Int+2 SInv} (Trog gifted it to you on level 9 of the Dungeon)
  2683 | D:9      | Reached skill level 1 in Bows
  2757 | D:9      | Found a shattered altar of Ashenzari.
  2837 | Orc:1    | Entered Level 1 of the Orcish Mines
  2876 | Orc:1    | Noticed a cyclops
  3045 | Orc:1    | Killed a cyclops
  3045 | Orc:1    | Reached skill level 12 in Axes
  3119 | Orc:1    | Noticed a two-headed ogre
  3122 | Orc:1    | Noticed an orc knight
  3123 | Orc:1    | Noticed an orc sorcerer
  3130 | Orc:1    | Killed a two-headed ogre
  3144 | Orc:1    | Noticed a soul eater
  3145 | Orc:1    | Killed an orc knight
  3145 | Orc:1    | Reached skill level 13 in Axes
  3153 | Orc:1    | HP: 4/84 [poisoned by an orc wizard]
  3169 | Orc:1    | Killed an orc sorcerer
  3313 | Orc:2    | Entered Level 2 of the Orcish Mines
  3322 | Orc:2    | Noticed an orc sorcerer
  3323 | Orc:2    | Paralysed by an orc sorcerer for 6 turns
  3325 | Orc:2    | Noticed an orc high priest
  3326 | Orc:2    | Noticed an orc knight
  3328 | Orc:2    | Noticed a rust devil
  3331 | Orc:2    | Noticed a rust devil
  3333 | Orc:2    | Killed an orc sorcerer
  3335 | Orc:2    | Killed an orc high priest
  3335 | Orc:2    | Reached XP level 11. HP: 74/90 MP: 11/11
  3343 | Orc:2    | Killed an orc knight
  3415 | Orc:2    | Noticed an orc warlord
  3424 | Orc:2    | Killed an orc warlord
  3447 | Orc:2    | Noticed an orc knight
  3456 | Orc:2    | Killed an orc knight
  3456 | Orc:2    | Received a gift from Trog
  3474 | Orc:2    | Noticed an orc sorcerer
  3476 | Orc:2    | Killed an orc sorcerer
  3476 | Orc:2    | Reached skill level 10 in Bows
  3481 | Orc:2    | Noticed an orc knight
  3487 | Orc:2    | Killed an orc knight
  3493 | Orc:2    | Found a roughly hewn altar of Beogh.
  3502 | Orc:2    | Found Fauteso's General Store.
  3505 | Orc:2    | Found Kuwn's Antique Weapon Emporium.
  3507 | Orc:2    | Found Keixim's Antique Armour Emporium.
  3527 | Orc:2    | Noticed Erolcha
  3543 | Orc:2    | Killed Erolcha
  3545 | Orc:2    | Found Ehoeprui's Book Emporium.
  3585 | Orc:2    | Bought a runed war axe for 195 gold pieces
  3604 | Orc:2    | Bought an embroidered hat for 210 gold pieces
  3623 | Orc:2    | Found a staircase to the Elven Halls.
  3668 | Orc:2    | Found a roughly hewn altar of Beogh.
  3772 | Orc:2    | Noticed Donald
  3781 | Orc:2    | Killed Donald
  3927 | Orc:2    | Bought a lamp of fire for 400 gold pieces
  3927 | Orc:2    | Bought a potion of invisibility for 80 gold pieces
  4058 | D:11     | Noticed a purple ugly thing
  4070 | D:11     | Killed a purple ugly thing
  4070 | D:11     | Reached skill level 14 in Axes
  4085 | D:11     | Noticed a brown ugly thing
  4089 | D:11     | Killed a brown ugly thing
  4096 | D:11     | Found Usasyry's Jewellery Boutique.
  4196 | D:11     | Found a flagged portal.
  4211 | Bailey   | Entered a bailey
  4284 | Bailey   | Received a gift from Trog
  4324 | Bailey   | Noticed an orc knight
  4324 | Bailey   | Noticed an orc knight
  4333 | Bailey   | Noticed an orc knight
  4338 | Bailey   | Killed an orc knight
  4338 | Bailey   | Reached XP level 12. HP: 97/97 MP: 12/12
  4497 | D:11     | Received a gift from Trog
  4559 | D:11     | Found a staircase to the Lair.
  4581 | Lair:1   | Entered Level 1 of the Lair of Beasts
  4867 | Lair:3   | Received a gift from Trog
  5135 | Lair:4   | Found a dark tunnel.
  5143 | Volcano  | Entered a volcano
  5157 | Volcano  | Received a gift from Trog
  5338 | Volcano  | Found a radiant altar of Vehumet.
  5803 | Lair:4   | Found a hole to the Spider Nest.
  5850 | Lair:4   | Found a staircase to the Shoals.
  5858 | Lair:4   | Reached skill level 15 in Axes
  5905 | Lair:6   | Entered Level 6 of the Lair of Beasts
  5932 | Lair:6   | Reached XP level 13. HP: 57/103 MP: 4/13
  6123 | Lair:6   | Paralysed by a hornet for 1 turns
  6141 | Lair:6   | Received a gift from Trog
  6254 | Lair:6   | Reached skill level 16 in Axes
  6293 | Lair:6   | Killed from afar by a rime drake

Skill      XL: |  1  2  3  4  5  6  7  8  9 10 11 12 13 |
---------------+----------------------------------------+-----
Axes           | 3 5 6 9 11 13 14 15 16 | 16.1
Armour         | 3 5 6 8 |  8.7
Bows           | 6 10 | 10.9
Fighting       | |  3.0
Dodging        | |  1.3

Action                   |  1- 3 |  4- 6 |  7- 9 | 10-12 | 13-15 || total
-------------------------+-------+-------+-------+-------+-------++-------
Melee: Hand axe          |    63 |    90 |       |   115 |       ||   268
       Kick              |    10 |    22 |    44 |   116 |    25 ||   217
       War axe           |       |    20 |   156 |   253 |       ||   429
       Spear             |       |     5 |       |       |       ||     5
       Battleaxe         |       |       |       |   102 |    73 ||   175
 Fire: Longbow           |       |       |       |    28 |    13 ||    41
Invok: Berserk           |     3 |     3 |     8 |    15 |     3 ||    32
       Trog's Hand       |       |       |       |     3 |     2 ||     5
       Brothers in Arms  |       |       |       |     8 |       ||     8
 Abil: Evoke Invisibilit |       |       |     1 |       |       ||     1
Evoke: Wand              |       |       |     5 |     2 |     1 ||     8
       Lamp of fire      |       |       |       |     1 |       ||     1
  Use: Scroll            |       |     3 |     6 |    10 |       ||    19
       Potion            |       |       |     1 |     2 |     1 ||     4
 Stab: Invisible         |       |       |     3 |       |       ||     3
       Distracted        |       |       |       |     1 |       ||     1
  Eat: Chunk             |       |     3 |     6 |    11 |     4 ||    24
       Ration            |       |     1 |     1 |     5 |       ||     7
Armor: Animal skin       |    28 |       |       |       |       ||    28
       Robe              |       |    40 |       |       |       ||    40
       Plate armour      |       |    13 |   147 |   447 |    59 ||   666
       Leather armour    |       |     2 |     6 |     1 |       ||     9
Dodge: Dodged            |    24 |    44 |    43 |   120 |    19 ||   250
